 Dungeon Crawl Stone Soup version 0.20.1-1-g8b1a95d (webtiles) character file.

1222 NoNouf the Sneak (level 8, -3/58 HPs)
             Began as an Octopode Ice Elementalist on Aug 5, 2017.
             Slain by an ice beast (7 damage)
             ... on level 6 of the Dungeon.
             The game lasted 00:41:56 (6542 turns).

NoNouf the Sneak (Octopode Ice Elementalist)        Turns: 6542, Time: 00:41:57

Health: -3/58      AC:  7    Str:  7    XL:     8   Next: 47%
Magic:  19/20      EV: 14    Int: 17    God:
Gold:   358        SH:  0    Dex: 15    Spells: 7/11 levels left

rFire    . . .     SeeInvis .   u - -2 whip (curse)
rCold    . . .     Gourm    .   (no shield)
rNeg     . . .     Faith    .   (helmet restricted)
rPois    .         Spirit   .   (no amulet)
rElec    .         Reflect  .   m - ring of magical power
rCorr    .         Harm     .   o - ring of wizardry
MR       .....                  (no ring)
Stlth    +++++.....             (no ring)
Regen    0.2/turn               (no ring)
MPRegen  0.2/turn               (no ring)
                                (no ring)
                                (no ring)

@: icy armour, slow
A: almost no armour, stealthy swim, amphibious, 8 rings, constrict 8, camouflage
1, blink, blurry vision 1, screaming 1, wild magic 2, gelatinous body 1
a: Blink


You were on level 6 of the Dungeon.
You were not hungry.

You visited 1 branch of the dungeon, and saw 6 of its levels.

You collected 403 gold pieces.
You spent 45 gold pieces at shops.

Inventory:

Hand Weapons
 g - a cursed -3 dagger
 j - a +0 dagger
 l - a +2 vampiric dagger
 r - a +0 mace of protection
 u - a cursed -2 whip (weapon)
 v - the +5 quarterstaff of Distraction {crush, rF++ Int+4}
   (You found it on level 4 of the Dungeon)

   It inflicts extra damage upon your enemies.
   It affects your intelligence (+4).
   It greatly protects you from fire.
Armour
 q - a +0 shield
Jewellery
 m - a ring of magical power (left tentacle)
 o - a ring of wizardry (right tentacle)
Wands
 f - a wand of flame (5/48)
 i - a wand of flame (12/48)
 x - a wand of iceblast (0/15)
Scrolls
 e - 2 scrolls of identify
 h - 2 scrolls of fear
Potions
 c - a potion of brilliance
 d - a potion of flight
 k - a potion of berserk rage {unknown}
 p - a potion of haste
 s - 2 potions of might {unknown}
Books
 a - a book of Frost

   Spells                             Type                      Level
   a - Freeze                         Ice                          1
   b - Throw Frost                    Conjuration/Ice              2
   c - Ozocubu's Armour               Charms/Ice                   3
   d - Throw Icicle                   Conjuration/Ice              4
   e - Summon Ice Beast               Ice/Summoning                4
Comestibles
 b - 7 bread rations
 n - a royal jelly
 t - 2 meat rations
 w - a chunk of flesh


   Skills:
 - Level 6.5 Fighting
 + Level 3.3 Dodging
 - Level 7.4 Stealth
 * Level 2.4 Shields
 - Level 2.1 Unarmed Combat
 - Level 2.0 Spellcasting
   Level 1.0 Conjurations
 - Level 2.0 Charms
 - Level 3.0 Ice Magic
 - Level 1.0 Evocations


You had 7 spell levels left.
You knew the following spells:

 Your Spells              Type           Power        Failure   Level  Hunger
a - Freeze                Ice            ###.         5%          1    #......
b - Ozocubu's Armour      Chrm/Ice       ###.....     16%         3    ###....


Dungeon Overview and Level Annotations

Branches:
Dungeon (6/15)
 Temple: D:4-7

Altars:
Gozag
Kikubaaqudgha
Nemelex Xobeh
Vehumet
The Shining One

Shops:
D:6 [


Innate Abilities, Weirdness & Mutations

You cannot wear most types of armour.
You are very stealthy in the water. (Stealth+)
You are amphibious.
You can wear up to eight rings at the same time.
You can use your tentacles to constrict eight enemies at once.
Your skin changes colour to match your surroundings (Stealth+).
Your rubbery body absorbs attacks. (AC +1, EV +1)
You can translocate small distances at will.
Scrolls take you a little longer to read.
You occasionally shout uncontrollably at your foes.
Your spells are harder to cast, but more powerful.


Message History

The ice beast is moderately wounded.
The ice beast hits you but does no damage. x2
You hit the ice beast. You squeeze the ice beast.
The ice beast is heavily wounded.
The ice beast closely misses you.
You barely miss the ice beast. Your squeeze misses the ice beast.
The ice beast is heavily wounded.
The ice beast hits you but does no damage.
You closely miss the ice beast.
The ice beast is heavily wounded.
The ice beast hits you.
* * * LOW HITPOINT WARNING * * *
The ice beast freezes you!
* * * LOW HITPOINT WARNING * * *
You hit the ice beast but do no damage. You squeeze the ice beast.
The ice beast is heavily wounded.
The ice beast hits you.
* * * LOW HITPOINT WARNING * * *
The ice beast freezes you!
You die... ##### ######.... #########......### ######....[.......### ####.......######.##.# ####........@........##># PPPPPPPPPPPYP.##...#.##.#

#
#P.........P.P...........#####
#P.P.PPP.PPP.P.##...#.........
#P.P.P...P...P.###............
#P.PPPPP.PPP.P..#####.##.#####
#P.....P.....P..# #).#.#


##P.PPP.PPPPPPP..# ##.#.# #...P...P........######.#.# You could see an ice
beast.

Vanquished Creatures
  Grinder (D:4)
  An ogre (D:6)
  A sky beast (D:6)
  A bullfrog (D:6)
  A scorpion (D:4)
  2 crimson imps (D:6)
  2 jellies (D:6)
  A quasit (D:5)
  A hound (D:6)
  A bullfrog skeleton (D:4)
  5 iguanas
  3 orc wizards
  2 worker ants (D:4)
  4 gnolls (D:6)
  6 adders
  A river rat (D:6)
  3 oozes
  4 worms
  4 dart slugs
  A leopard gecko (D:3)
  21 orcs
  3 ball pythons
  8 bats
  5 giant cockroaches
  6 goblins
  9 hobgoblins
  8 jackals
  A ball python zombie (D:6)
  8 frilled lizards
  6 kobolds
  9 rats
129 creatures vanquished.

Notes
Turn   | Place    | Note
-------+----------+-------------------------------------------
     0 | D:1      | NoNouf the Octopode Ice Elementalist began the quest for the Orb.
     0 | D:1      | Reached XP level 1. HP: 11/11 MP: 3/3
   150 | D:1      | Reached skill level 1 in Unarmed Combat
   264 | D:1      | Reached XP level 2. HP: 17/17 MP: 5/5
   662 | D:1      | Reached skill level 1 in Fighting
   662 | D:1      | Reached XP level 3. HP: 23/23 MP: 6/6
   962 | D:1      | Learned a level 3 spell: Ozocubu's Armour
  1224 | D:2      | Found a faded altar of an unknown god.
  1620 | D:2      | Found a sparkling altar of Nemelex Xobeh.
  1632 | D:2      | Reached skill level 1 in Charms
  1856 | D:3      | Reached XP level 4. HP: 29/29 MP: 7/7
  2590 | D:3      | Reached XP level 5. HP: 21/36 MP: 8/8
  2939 | D:4      | Got a polished quarterstaff
  2975 | D:4      | Identified the +5 quarterstaff of Distraction {crush, rF++ Int+4} (You found it on level 4 of the Dungeon)
  2982 | D:4      | Reached skill level 3 in Stealth
  3181 | D:4      | Noticed Grinder
  3202 | D:4      | Killed Grinder
  3202 | D:4      | Reached skill level 6 in Stealth
  3202 | D:4      | Reached XP level 6. HP: 12/42 MP: 6/9
  3461 | D:4      | Reached skill level 7 in Stealth
  3594 | D:4      | Reached XP level 7. HP: 34/46 MP: 10/10
  4221 | D:4      | Found a glowing golden altar of the Shining One.
  4499 | D:5      | Entered Level 5 of the Dungeon
  4726 | D:6      | Gained mutation: Your spells are a little harder to cast, but a little more powerful. [potion of mutation]
  4726 | D:6      | Gained mutation: Your spells are harder to cast, but more powerful. [potion of mutation]
  4809 | D:6      | Reached skill level 5 in Fighting
  5264 | D:6      | Found a radiant altar of Vehumet.
  5489 | D:6      | Reached XP level 8. HP: 47/58 MP: 11/11
  5490 | D:6      | Found an opulent altar of Gozag.
  5588 | D:6      | Reached skill level 1 in Evocations
  5701 | D:6      | Found an ancient bone altar of Kikubaaqudgha.
  5727 | D:6      | Found Lorphafe's Armour Shop.
  5732 | D:6      | Bought a +0 shield for 45 gold pieces
  5767 | D:6      | HP: 2/58 [something (6)]
  5781 | D:6      | Reached skill level 1 in Shields
  5785 | D:6      | Gained mutation: You occasionally shout uncontrollably at your foes. [mutagenic meat]
  5786 | D:6      | Gained mutation: Scrolls take you a little longer to read. [mutagenic meat]
  5787 | D:6      | Gained mutation: You can translocate small distances at will. [mutagenic meat]
  6542 | D:6      | Slain by an ice beast

Skill      XL: |  1  2  3  4  5  6  7  8 |
---------------+-------------------------+-----
Unarmed Combat | 1 2 |  2.1
Fighting       | 1 2 3 6 |  6.5
Charms         | 1 2 |  2.0
Stealth        | 6 7 |  7.4
Evocations     | 1 |  1.0
Shields        | 2 |  2.4
Dodging        | 3 |  3.3
Spellcasting   | |  2.0
Conjurations   | |  1.0
Ice Magic      | |  3.0

Action                   |  1- 3 |  4- 6 |  7- 9 || total
-------------------------+-------+-------+-------++-------
Melee: Unarmed           |    35 |       |       ||    35
       Constrict         |    14 |    21 |    43 ||    78
       Tentacles         |    10 |    13 |    38 ||    61
       Dagger            |    33 |    44 |       ||    77
       Punch             |     1 |     2 |     4 ||     7
       Whip              |       |    26 |   163 ||   189
 Cast: Freeze            |    25 |    37 |    24 ||    86
       Ozocubu's Armour  |       |     7 |    14 ||    21
Evoke: Wand              |       |       |    13 ||    13
  Use: Scroll            |     4 |     2 |     4 ||    10
       Potion            |       |     1 |     5 ||     6
 Stab: Sleeping          |     8 |     7 |     4 ||    19
       Distracted        |     1 |       |     1 ||     2
  Eat: Chunk             |     3 |     6 |    14 ||    23
       Fruit             |       |       |     2 ||     2
Armor: Skin              |     5 |     9 |    53 ||    67
Dodge: Dodged            |    44 |    52 |   139 ||   235
